 Dungeon Sprint DCSS version 0.17-a0-1210-g1e4f09d (webtiles) character file.

428 Kidiri the Covert (level 6, 0/36 (37) HPs)
             Began as a Spriggan Assassin on June 3, 2015.
             Was an Initiate of Dithmenos (penitent).
             Slain by a necromancer
             ... wielding a +0 dagger
              (4 damage)
             ... in the Dungeon (Sprint III: "The Ten Rune Challenge").
             The game lasted 00:04:22 (549 turns).

Kidiri the Covert (Spriggan Assassin)                Turns: 549, Time: 00:04:22

HP:   0/36 (37)     AC:  5    Str:  7    XL:     6   Next: 65%
MP:   7/7           EV: 24    Int: 13    God:    Dithmenos [*]
Gold: 19            SH:  0    Dex: 19    Spells: 0 memorised, 5 levels left

rFire  . . .     SeeInvis +     a - +2 dagger
rCold  . . .     Clarity  +     c - +0 robe
rNeg   . . .     SustAt   .     (shield restricted)
rPois  .         Gourm    .     (helmet restricted)
rElec  .         Spirit   .     d - +0 cloak
rCorr  .         Warding  .     (gloves unavailable)
rMut   .         NoTele   +     (boots unavailable)
MR     +....                    (no amulet)
Stlth  ++++++....               (no ring)
                                (no ring)

@: very quick, somewhat resistant to hostile enchantments, very stealthy
A: unfitting armour, antennae 1, thin metallic scales 1, see invisible, breathe
flames 1, clarity, herbivore 3, speed 3, slow metabolism 2
a: Renounce Religion, Breathe Fire


You were in the Dungeon.
You worshipped Dithmenos.
Dithmenos was demanding penance.
You were not hungry.

You visited 1 branch You collected 19 gold pieces.

Inventory:

Hand weapons
 a - a +2 dagger (weapon)
 b - a +0 blowgun
Missiles
 e - 8 poisoned needles
 f - 2 curare-tipped needles
Armour
 c - a +0 robe (worn)
 d - a +0 cloak (worn)
Magical devices
 n - a wand of flame (18)
Scrolls
 m - a scroll of blinking
 o - 2 scrolls of identify {unknown}
 q - a scroll of holy word {unknown}
 r - 3 scrolls of remove curse
 v - a scroll of torment {unknown}
 w - a scroll of fog {unknown}
Potions
 k - 2 potions of magic
 l - a potion of berserk rage
 t - a potion of resistance {unknown}
 u - 4 potions of flight
 x - a potion of cure mutation {unknown}
Comestibles
 g - a bread ration
 h - a royal jelly
 s - 6 fruits


   Skills:
 * Level 6.6 Fighting
 * Level 8.4 Short Blades
 - Level 2.1 Throwing
 + Level 7.7 Dodging
 * Level 12.8 Stealth


You had 5 spell levels left.
You didn't know any spells.

Dungeon Overview and Level Annotations

Branches:
Dungeon (1/1)

Altars:
Cheibriados
Dithmenos
Fedhas
Gozag
Makhleb
Nemelex Xobeh
Qazlal
Ru
Xom
Yredelemnul
Jiyva
Lugonu


Innate Abilities, Weirdness & Mutations

You are tiny and cannot use many weapons and most armour.
You have supernaturally acute eyesight.
You are a herbivore.
You cover ground extremely quickly.
You need consume almost no food.
You have a pair of small antennae on your head.
You are partially covered in thin metallic scales (AC +2).
You can breathe flames.
You possess an exceptional clarity of mind.


Message History

The necromancer completely misses you. The necrophage misses you.
You hit the necrophage.
The necrophage is heavily damaged.
The necrophage completely misses you.
The necromancer hits you but does no damage.
You closely miss the necrophage.
The necrophage is heavily damaged.
You hit the necrophage but do no damage.
The necrophage is heavily damaged.
The necromancer closely misses you. The necrophage completely misses you.
You hit the necrophage.
The necrophage is heavily damaged.
You hit the necrophage.
The necrophage is heavily damaged.
The necromancer closely misses you. The necrophage hits you!
* * * LOW HITPOINT WARNING * * *
You hit the necrophage.
The necrophage is severely damaged.
The necromancer hits you with a dagger.
You die...

▓▓▓ # ##.# ####
#####..# {#__#
.#..#..# {#np#
)#..#..###+#+###@##
.##'#..#..........#
.###...'.⌠........#
####...#...######'#
###....#.⌠.#__#...#
##.....#...#__#...#
#......#+###__#...#
.#.....# {#__#...+
###....# #_.'...#


You could see a necromancer and a necrophage.

Vanquished Creatures
  A shadow (D)
  A spatial vortex (D)
  A water elemental (D)
  A jelly (D)
  Jessica (D)
  A human (D)
  An ooze (D)
  A phantom (D)
  A rat (D)
9 creatures vanquished.

Vanquished Creatures (others)
  2 draconian scorchers (D)
  A yaktaur (D)
3 creatures vanquished.

Grand Total: 12 creatures vanquished

Notes
Turn   | Place    | Note
--------------------------------------------------------------
     0 | D        | Kidiri the Spriggan Assassin began the quest for the Orb.
     0 | D        | Reached XP level 1. HP: 10/10 MP: 2/2
    10 | D        | Reached skill level 6 in Stealth
    12 | D        | Reached skill level 1 in Short Blades
    54 | D        | Noticed Jessica
    60 | D        | Killed Jessica
    60 | D        | Reached skill level 7 in Stealth
    60 | D        | Reached XP level 2. HP: 14/16 MP: 3/3
    60 | D        | Reached XP level 3. HP: 17/20 MP: 4/4
    75 | D        | Killed a yaktaur
   134 | D        | Reached skill level 8 in Stealth
   147 | D        | Gained mutation: You have a pair of small antennae on your head. [potion of mutation]
   147 | D        | Gained mutation: You are clumsy. (Dex -2) [potion of mutation]
   147 | D        | Lost mutation: You are clumsy. (Dex -2) [potion of mutation]
   148 | D        | Gained mutation: You possess an exceptional clarity of mind. [potion of mutation]
   148 | D        | Gained mutation: You are partially covered in thin metallic scales (AC +2). [potion of mutation]
   148 | D        | Gained mutation: You can breathe flames. [potion of mutation]
   153 | D        | Noticed a water elemental
   159 | D        | Killed a water elemental
   159 | D        | Reached skill level 5 in Short Blades
   159 | D        | Reached skill level 9 in Stealth
   159 | D        | Reached XP level 4. HP: 24/26 MP: 5/5
   228 | D        | Noticed a jelly
   229 | D        | Noticed a shadow
   294 | D        | Killed a shadow
   294 | D        | Reached skill level 5 in Fighting
   294 | D        | Reached skill level 11 in Stealth
   294 | D        | Reached XP level 5. HP: 26/32 MP: 6/6
   294 | D        | Reached XP level 6. HP: 29/36 MP: 7/7
   380 | D        | Killed a jelly
   380 | D        | Reached skill level 12 in Stealth
   415 | D        | Killed a white draconian scorcher
   471 | D        | Found a stormy altar of Qazlal.
   471 | D        | Found a sacrificial altar of Ru.
   471 | D        | Found a burning altar of Makhleb.
   471 | D        | Found a shimmering altar of Xom.
   472 | D        | Found a viscous altar of Jiyva.
   472 | D        | Found a shadowy altar of Dithmenos.
   472 | D        | Found a sparkling altar of Nemelex Xobeh.
   472 | D        | Found a corrupted altar of Lugonu.
   472 | D        | Found an opulent altar of Gozag.
   472 | D        | Noticed a spatial vortex
   478 | D        | Became a worshipper of Dithmenos the Shadowed
   481 | D        | Was placed under penance by Dithmenos
   488 | D        | Killed a white draconian scorcher
   507 | D        | Killed a spatial vortex
   532 | D        | Found a basalt altar of Yredelemnul.
   532 | D        | Found a snail-covered altar of Cheibriados.
   532 | D        | Found a blossoming altar of Fedhas.
   532 | D        | Noticed a necrophage
   532 | D        | Noticed a necromancer
   549 | D        | Slain by a necromancer

Vault maps used:
D:        dungeon_sprint_mu

Action                   |  1- 3 |  4- 6 || total
-------------------------+-------+-------++-------
Melee: Dagger            |     8 |    67 ||    75
 Abil: Breathe Fire      |     1 |     4 ||     5
  Use: Potion            |     2 |     3 ||     5
 Stab: Sleeping          |     4 |       ||     4
